 Dungeon Crawl Stone Soup version 0.31.0-32-g396128a36d (webtiles) character file.

Game seed: 4527202050432767175

21399 chippings the Fighter (level 12, -18/106 HPs)
             Began as a White Draconian Wanderer on Apr 18, 2024.
             Was a High Priest of Trog.
             Demolished by a komodo dragon (23 damage)
             ... on level 3 of the Lair of Beasts.
             The game lasted 00:34:37 (15612 turns).

chippings the Fighter (White Draconian Wanderer)   Turns: 15612, Time: 00:34:38

Health: -18/106    AC:  9    Str: 13    XL:     12   Next: 53%
Magic:  12/12      EV: 22    Int: 14    God:    Trog [*****.]
Gold:   312        SH:  5    Dex: 20    Spells: 11/11 levels left

rFire   + . .        z - +4 dagger (freeze)
rCold   + + +        P - +0 buckler
rNeg    . . .        (body armour unavailable)
rPois   .            (helmet restricted)
rElec   .            O - scarf of the Unbroken {+Inv, rF+ rC++ Int+4}
rCorr   .            c - +0 pair of gloves
SInv    .            (no boots)
Will    .....        (no amulet)
Stlth   ++++         e - ring of flight
HPRegen 0.37/turn    C - +5 ring of evasion
MPRegen 0.13/turn

%: no passive effects
@: on berserk cooldown, flying, slowed, studying Fire Magic, very slow
A: breathe frost, AC +8, unfitting armour, cold resistance 1, cold-blooded
a: Breathe Frost, Renounce Religion, Evoke Invisibility, Berserk, Trog's Hand,
Brothers in Arms


You were on level 3 of the Lair of Beasts.
You worshipped Trog.
Trog was extremely pleased with you.
You visited 3 branches of the dungeon, and saw 15 of its levels.
You also visited: Bailey.

You collected 860 gold pieces.
You spent 548 gold pieces at shops.

Inventory:

Hand Weapons
 y - a +3 dagger of venom
 z - a +4 dagger of freezing (weapon)
Missiles
 b - 3 throwing nets
 p - 25 poisoned darts (quivered)
 F - 23 javelins
Armour
 c - a +0 pair of gloves (worn)
 O - the scarf of the Unbroken (worn) {+Inv, rF+ rC++ Int+4}
   (You bought it in a shop on level 9 of the Dungeon)

   Int+4:     It affects your intelligence (+4).
   rF+:       It protects you from fire.
   rC++:      It greatly protects you from cold.
 P - a +0 buckler (worn)
Jewellery
 a - a +6 ring of strength
 e - a ring of flight (left hand)
 r - a ring of protection from fire
 s - a ring of resist corrosion
 C - a +5 ring of evasion (right hand)
 I - a ring of willpower
Wands
 j - a wand of polymorph (8)
 D - a wand of iceblast (24)
 N - a wand of paralysis (5)
Scrolls
 d - a scroll of silence
 f - a scroll of poison
 k - 6 scrolls of teleportation
 o - a scroll of butterflies
 q - 2 scrolls of identify
 t - 3 scrolls of vulnerability
 B - a scroll of blinking
 E - 3 scrolls of immolation
 G - 4 scrolls of enchant armour
 J - 2 scrolls of amnesia
 K - 2 scrolls of noise
Potions
 g - a potion of heal wounds
 h - a potion of haste
 i - 4 potions of lignification
 l - 2 potions of cancellation
 m - a potion of magic
 n - 3 potions of might
 u - 2 potions of invisibility {unknown}
 v - a potion of enlightenment
 w - 2 potions of curing {unknown}
 x - a potion of brilliance {unknown}
 A - 2 potions of ambrosia {unknown}
 H - 3 potions of mutation
 L - a potion of berserk rage
 M - a potion of resistance {unknown}


   Skills:
 + Level 9.9 Fighting
 + Level 8.6 Short Blades
 - Level 2.1 Staves
 + Level 8.1 Throwing
 + Level 8.5 Dodging
 + Level 8.4 Stealth
 + Level 1.0 Shields
 + Level 8.8 Evocations


You had 11 spell levels left.
You didn't know any spells.
Your spell library contained the following spells:

 Spells                   Type           Power      Damage    Failure   Level
 Kiss of Death            Conj/Necr      0%         2d5       38%         1
 Lesser Beckoning         Tloc           0%         N/A       52%         2
 Confusing Touch          Hex            0%         N/A       77%         3
 Fugue of the Fallen      Necr           0%         N/A       77%         3
 Gell's Gravitas          Tloc           0%         N/A       77%         3
 Ozocubu's Armour         Ice            0%         N/A       77%         3
 Teleport Other           Tloc           0%         N/A       77%         3
 Dispel Undead            Necr           0%         3d6       99%         4
 Manifold Assault         Tloc           0%         N/A       99%         4
 Conjure Ball Lightning   Conj/Air       0%         3x3d6     100%        6
 Discord                  Hex            0%         N/A       100%        8
 Disjunction              Tloc           0%         N/A       100%        8


Dungeon Overview and Level Annotations

Branches:
Dungeon (11/15)            Temple (1/1) D:7            Lair (3/5) D:9
 Shoals (0/4) Lair:2        Snake (0/4) Lair:3       Bailey (visited)
    Orc: D:9-12

Altars:
Ashenzari
Cheibriados
Dithmenos
Elyvilon
Fedhas
Gozag
Hepliaklqana
Kikubaaqudgha
Makhleb
Nemelex Xobeh
Okawaru
Qazlal
Ru
Sif Muna
Trog
Uskayaw
Vehumet
Wu Jian
Xom
Yredelemnul
Zin
The Shining One

Shops:
D:3 =   D:8 *   D:9 *

Annotations:
D:4 Pikel
D:9 1 runed translucent door, jake20062024's ghost, novice FeSh
Lair:2 2 runed translucent doors, Zeor's ghost, journeyman DsGl


Innate Abilities, Weirdness & Mutations

You can breathe waves of freezing cold which knock back foes.
Your icy white scales are hard. (AC +8)
You cannot fit into any form of body armour.
Your flesh is cold resistant. (rC+)
You are cold-blooded and may be slowed by cold attacks.


Message History

Your Shields skill increases to level 1!
You feel a strong urge to attack something.
You hit the komodo dragon. You freeze the komodo dragon.
The komodo dragon is lightly wounded.
The komodo dragon misses you.
You closely miss the komodo dragon.
The komodo dragon is lightly wounded.
You hit the komodo dragon. You freeze the komodo dragon.
The komodo dragon is moderately wounded.
The komodo dragon closely misses you.
You hit the komodo dragon.
The komodo dragon seems to slow down.
You freeze the komodo dragon.
The komodo dragon is moderately wounded.
You puncture the komodo dragon!
The komodo dragon seems to slow down.
You freeze the komodo dragon.
The komodo dragon is severely wounded.
You are no longer berserk.
You are exhausted.
You feel yourself slow down.
You hit the komodo dragon but do no damage.
The komodo dragon is severely wounded.
The komodo dragon closely misses you.
You hit the komodo dragon but do no damage.
The komodo dragon is severely wounded.
You barely miss the komodo dragon.
The komodo dragon is severely wounded.
The komodo dragon completely misses you.
You hit the komodo dragon but do no damage.
You tail-slap the komodo dragon, but do no damage.
The komodo dragon is severely wounded.
The komodo dragon bites you!!
* * * LOW HITPOINT WARNING * * *
Aiming: Iceblast
Press: ? - help, Shift-Dir - straight line The mass of ice explodes!
The iceblast engulfs the komodo dragon!
The komodo dragon is almost dead.
You hear a croak.
The komodo dragon is no longer moving slowly.
The komodo dragon bites you!!
You die...

####♣.♣...♣.P#....#
#.......>.......#.#
##.#..♣)†.♣.♣#...##
#~P♣♣.♣♣.P#.......
#P♣.P...~.#.......
##~~..~~~##..P###..
####.####...## .
#...# P... ##@.#
...# #l.# ..#
#P.#####.†###....l
#.......†........
#..............##
##P...P..##.#..#
####....# ## .#
##...# ##..#


You could see a komodo dragon.

Vanquished Creatures
  A hydra (Lair:2)
  A centaur warrior (D:10)
  2 two-headed ogres
  2 boulder beetles
  An ugly thing (D:11)
  An elephant (D:9)
  2 black mambas
  A merfolk siren (Lair:2)
  5 cane toads
  2 rime drakes
  Maggie (D:6)
  3 komodo dragons
  2 wyverns (D:9)
  31 yaks
  2 basilisks
  3 steam dragons
  2 nagas (Lair:3)
  6 water moccasins
  16 orc warriors
  3 black bears
  A sky beast (D:8)
  11 centaurs
  2 ogres
  2 phantoms
  Blork the orc (D:6)
  2 lemures
  2 kobold brigands (D:8)
  10 bullfrogs
  5 scorpions
  14 wights
  5 killer bees (D:8)
  9 howler monkeys
  4 bombardier beetles
  A jelly (D:5)
  6 hounds
  12 orc priests
  5 iguanas
  5 sleepcaps
  9 orc wizards
  6 hell rats (Lair:3)
  3 adders
  2 shadow imps (D:6)
  4 white imps
  4 ufetubi (D:6)
  2 ribbon worms
  49 orcs
  4 endoplasms
  5 giant cockroaches
  9 goblins
  9 hobgoblins
  4 quokkas
  5 ball pythons
  12 bats
  17 kobolds
  3 rats
331 creatures vanquished.

Vanquished Creatures (others)
  An arcanist (D:3)
  An orc (Bailey)
2 creatures vanquished.

Grand Total: 333 creatures vanquished

Notes
Turn   | Place    | Note
-------+----------+-------------------------------------------
     0 | D:1      | chippings the Draconian Wanderer began the quest for the
                  | Orb.
     0 | D:1      | chippings set off with the following items: a +1
                  | quarterstaff, 4 throwing nets, a +0 pair of gloves, a
                  | scroll of silence.
     0 | D:1      | Reached XP level 1. HP: 17/17 MP: 1/1
   226 | D:1      | Reached XP level 2. HP: 25/25 MP: 2/2
  1152 | D:2      | Reached XP level 3. HP: 30/30 MP: 3/3
  1618 | D:3      | Found Qukimp's Jewellery Shop.
  1701 | D:3      | Found an ornate altar of the Wu Jian Council.
  1701 | D:3      | Found a glowing silver altar of Zin.
  1771 | D:3      | Reached skill level 1 in Short Blades
  1771 | D:3      | Reached skill level 1 in Stealth
  1771 | D:3      | Reached XP level 4. HP: 22/37 MP: 4/4
  1929 | D:3      | Found a bloodstained altar of Trog.
  1930 | D:3      | Noticed a wizard
  1935 | D:3      | Killed a wizard
  2067 | D:3      | Became a worshipper of Trog the Wrathful
  2176 | D:3      | Noticed a black bear
  2183 | D:3      | Killed a black bear
  2184 | D:3      | Reached skill level 3 in Fighting
  2184 | D:3      | Reached XP level 5. HP: 39/45 MP: 5/5
  2652 | D:4      | Noticed a lemure
  2652 | D:4      | Noticed a lemure
  2652 | D:4      | Noticed a lemure
  2652 | D:4      | Noticed a lemure
  2709 | D:3      | Killed a lemure
  2875 | D:4      | Reached XP level 6. HP: 43/51 MP: 6/6
  2965 | D:4      | Noticed Pikel
  3139 | D:5      | Entered Level 5 of the Dungeon
  3487 | D:5      | Your scales start taking on an icy white colour.
  3487 | D:5      | Reached XP level 7. HP: 27/58 MP: 7/7
  3487 | D:5      | Gained mutation: Your flesh is cold resistant. (rC+) [White
                  | Draconian growth]
  3657 | D:5      | Reached skill level 4 in Fighting
  3937 | D:5      | Noticed a two-headed ogre
  3999 | D:5      | Found a broken altar of Ashenzari.
  4004 | D:5      | Saw a vision of the Shoals and the Snake Pit.
  4004 | D:5      | Noticed a shock serpent
  4004 | D:5      | Noticed a cyclops
  4004 | D:5      | Noticed a naga sharpshooter
  4004 | D:5      | Noticed an anaconda
  4004 | D:5      | Noticed a naga sharpshooter
  4004 | D:5      | Noticed a manticore
  4004 | D:5      | Noticed a merfolk
  4004 | D:5      | Noticed a merfolk siren
  4004 | D:5      | Noticed a black mamba
  4004 | D:5      | Noticed a naga mage
  4004 | D:5      | Noticed a black mamba
  4004 | D:5      | Noticed a merfolk siren
  4005 | D:5      | Noticed a guardian serpent
  4005 | D:5      | Noticed a water elemental
  4008 | D:5      | Noticed a naga ritualist
  4013 | D:5      | Noticed a salamander
  4060 | D:5      | Reached * piety under Trog
  4145 | D:5      | Found an ancient bone altar of Kikubaaqudgha.
  4146 | D:5      | Found a hide-covered altar of Uskayaw.
  4237 | D:5      | Reached XP level 8. HP: 67/67 MP: 8/8
  4560 | D:5      | Killed a two-headed ogre
  4561 | D:5      | Reached skill level 5 in Fighting
  4561 | D:5      | Reached skill level 5 in Dodging
  4837 | D:6      | Noticed Blork the orc
  4841 | D:6      | Killed Blork the orc
  4842 | D:6      | Reached skill level 5 in Evocations
  4842 | D:6      | Reached XP level 9. HP: 75/75 MP: 9/9
  4979 | D:6      | Reached ** piety under Trog
  4979 | D:6      | Noticed Maggie
  5054 | D:6      | Killed Maggie
  5055 | D:6      | Reached skill level 6 in Fighting
  5307 | D:7      | Reached skill level 5 in Short Blades
  5469 | D:6      | Reached skill level 5 in Stealth
  5692 | D:6      | Reached skill level 5 in Throwing
  6590 | D:7      | Found a staircase to the Ecumenical Temple.
  6612 | Temple   | Entered the Ecumenical Temple
  7423 | D:8      | Reached XP level 10. HP: 76/84 MP: 10/10
  7466 | D:8      | Found Mopposon's Elemental Accessories.
  7497 | D:8      | Found a white marble altar of Elyvilon.
  7650 | D:8      | Reached skill level 7 in Fighting
  7659 | D:8      | Reached *** piety under Trog
  7862 | D:8      | Found a flagged portal.
  7869 | Bailey   | Entered a bailey
  8879 | Bailey   | Reached **** piety under Trog
  9536 | D:8      | Found a sparkling altar of Nemelex Xobeh.
 10156 | D:9      | Noticed an elephant
 10186 | D:9      | Killed an elephant
 10187 | D:9      | Reached skill level 8 in Fighting
 10307 | D:9      | Reached XP level 11. HP: 61/94 MP: 11/11
 10405 | D:9      | Found a staircase to the Lair.
 10821 | D:9      | Found an iron altar of Okawaru.
 10821 | D:9      | Noticed a two-headed ogre
 10829 | D:9      | Killed a two-headed ogre
 11034 | D:9      | Found a runed translucent door.
 11037 | D:9      | Noticed jake20062024's ghost (novice FeSh)
 11038 | D:9      | Identified the +3 trident "Rahifel" {flame, Will+}
 11270 | D:9      | Found Alips's Neck Hole.
 11471 | D:10     | Entered Level 10 of the Dungeon
 11508 | D:10     | Found an opulent altar of Gozag.
 11887 | D:10     | Found a snail-covered altar of Cheibriados.
 11968 | D:10     | Noticed a centaur warrior
 11984 | D:10     | Killed a centaur warrior
 12412 | D:11     | Noticed a red ugly thing
 12417 | D:11     | Killed a red ugly thing
 12422 | D:11     | Identified the +1 leather armour "Toofamil" {-Tele Harm
                  | rPois Int+2}
 12477 | Lair:1   | Entered Level 1 of the Lair of Beasts
 12785 | Lair:1   | Noticed a boulder beetle
 12798 | Lair:1   | Killed a boulder beetle
 12848 | D:9      | Bought the scarf of the Unbroken {+Inv, rF+ rC++ Int+4} for
                  | 548 gold pieces
 12922 | Lair:1   | Reached skill level 9 in Fighting
 13657 | Lair:1   | Reached XP level 12. HP: 87/104 MP: 12/12
 13856 | Lair:2   | Reached ***** piety under Trog
 14346 | Lair:2   | Found a staircase to the Shoals.
 14395 | Lair:2   | Noticed a boulder beetle
 14411 | Lair:2   | Killed a boulder beetle
 14565 | Lair:2   | Noticed a boulder beetle
 14747 | Lair:2   | Noticed an eight-headed hydra
 14757 | Lair:2   | Killed an eight-headed hydra
 15184 | Lair:2   | Found a large runed translucent door.
 15184 | Lair:2   | Found a large runed translucent door.
 15192 | Lair:2   | Noticed Zeor's ghost (journeyman DsGl)
 15322 | Lair:3   | Found a staircase to the Snake Pit.
 15600 | Lair:3   | Reached skill level 1 in Shields
 15611 | Lair:3   | HP: 4/106 [komodo dragon (22)]
 15612 | Lair:3   | Demolished by a komodo dragon

Illustrated notes

Levels and vault maps discovered:
D:1:      dpeg_arrival_rooms_c, layout_loops_ring, serial_glass,
          glass_columns_c, glass_columns_c
D:2:      layout_basic
D:3:      layout_basic, gammafunk_temple_overflow_wave, trog_wizard,
          serial_shops, shop
D:4:      layout_gridville, uniq_pikel
D:5:      layout_loops_ring, grunt_ashenzari_visionary
          [grunt_ashenzari_visionary_shoals, grunt_ashenzari_visionary_snake],
          nicolae_overflow_two_pavilions, roderic_batcave,
          serial_bayou_lagoon_a, minmay_manual_moon
D:6:      layout_basic, kennysheep_big_empty_room, solitary_fountain,
          uniq_blork_the_orc, uniq_maggie
D:7:      layout_loops_ring, minmay_temple_entry_offerings
D:8:      layout_cave_pods, nemelex_diamond_rough_becter, elyvilon_altar_5,
          enter_bailey_3, nicolae_elemental_shop
D:9:      layout_basic, mainiacjoe_overflow_alcove_4, david_lair_generic,
          ebering_ghost_funeral_grove, nicolae_shop_sticking_my_neck_out
D:10:     layout_gridville, chei_slow_surprise, grunt_gozag_breadcrumbs
D:11:     layout_roguey
Temple:   hellmonk_temple_of_storms
Lair:1:   layout_roguey
Lair:2:   layout_hall_layers, minmay_shoals_entry_lonely_mermaid,
          ebering_ghost_disaster_area, lemuel_fruit_fields
Lair:3:   wad_woods_04, layout_small_grid, guppyfry_snake_entry_garden,
          beast_lair_carwin_2

Skill      XL: |  1  2  3  4  5  6  7  8  9 10 11 12 |
---------------+-------------------------------------+-----
Dodging        | 3 4 5 6 7 8 |  8.5
Short Blades   | 1 2 3 4 5 6 8 |  8.6
Stealth        | 1 2 3 4 5 6 7 8 |  8.4
Fighting       | 3 4 5 6 8 9 |  9.9
Throwing       | 2 3 4 5 6 7 8 |  8.1
Evocations     | 3 4 5 6 7 8 |  8.8
Shields        | 1 |  1.0
Staves         | |  2.1

Action                     |  1- 3 |  4- 6 |  7- 9 | 10-12 || total
---------------------------+-------+-------+-------+-------++-------
  Melee: Quarterstaff      |    17 |       |       |       ||    17
         Tailslap          |     9 |    15 |    87 |   207 ||   318
         Dagger            |    58 |   135 |   450 |  1007 ||  1650
         Punch             |       |     2 |     5 |    15 ||    22
  Throw: Throwing net      |       |       |     1 |       ||     1
         Dart              |       |       |       |    19 ||    19
         Javelin           |       |       |       |     2 ||     2
 Invoke: Berserk           |       |       |     4 |     9 ||    13
         Trog's Hand       |       |       |     2 |     2 ||     4
Ability: Breathe Frost     |       |       |     3 |     2 ||     5
         Evoke Invisibilit |       |       |       |     2 ||     2
  Evoke: Wand              |       |       |       |     5 ||     5
    Use: Scroll            |       |       |    12 |     7 ||    19
         Potion            |       |       |       |     4 ||     4
   Stab: Sleeping          |     2 |     4 |     6 |    15 ||    27
         Distracted        |     1 |       |     1 |       ||     2
         Held in net/web   |       |       |     1 |       ||     1
         Paralysed         |       |       |       |     1 ||     1
         Invisible         |       |       |       |    10 ||    10
 Armour: Skin              |    28 |    59 |   217 |   336 ||   640
  Dodge: Dodged            |    36 |    83 |   304 |   804 ||  1227
  Block: Buckler           |       |       |       |     5 ||     5
